 Dungeon Crawl Stone Soup version 0.30-a0-639-g3916f1956a (webtiles) character file.

Game seed: 8925795239628001765

531825 experimilk the Ruinous (level 24, -6/185 HPs)
             Began as a Yellow Draconian Conjurer on Jan 15, 2023.
             Was the Champion of Vehumet.
             Mangled by a death cob (23 damage)
             ... on level 3 of the Realm of Zot on Jan 16, 2023.
             The game lasted 03:58:22 (82182 turns).

experimilk the Ruinous (Yellow Draconian Conjurer) Turns: 82182, Time: 03:58:23

Health: -6/185     AC: 23    Str: 16    XL:     24   Next: 45%
Magic:  37/44      EV: 13    Int: 27    God:    Vehumet [******]
Gold:   4779       SH: 17    Dex:  9    Spells: 12/57 levels left

rFire   + + +      SeeInvis +    U - staff of conjuration
rCold   . . .      Faith    .    y - +5 kite shield {AC+3}
rNeg    + . .      Spirit   .    (body armour unavailable)
rPois   +          Reflect  .    S - +2 hat
rElec   .          Harm     .    e - scarf {rC+ rF+}
rCorr   +          Rampage  .    I - +2 pair of gloves {Str+3}
Will    +....                    p - +2 pair of boots {Fly}
Stlth   +++++                    z - amulet "Bennag" {RegenMP rF+}
HPRegen 0.50/turn                k - ring "Siggok" {Fire rPois Int-3 SInv}
MPRegen 0.69/turn                Q - ring of Ohiadubu {rPois rN+ rCorr Int+2}

@: flying, slowed, studying 3 skills, very slow
A: spit acid, AC +12, unfitting armour, acidic bite, cold-blooded, acid
resistance
}: 3/15 runes: decaying, serpentine, slimy
a: Breathe Acid, Renounce Religion


You were on level 3 of the Realm of Zot.
You worshipped Vehumet.
Vehumet was exalted by your worship.
You visited 10 branches of the dungeon, and saw 49 of its levels.
You visited 1 bazaar.
You also visited: Trove, Ossuary, Gauntlet and Ice Cave.

You collected 9665 gold pieces.
You spent 4886 gold pieces at shops.

Inventory:

Hand Weapons
 F - the +8 mithril axe "Arga" {speed, Will+}
   (You found it in a treasure trove)

   Will:      It increases your willpower.
Armour
 e - a scarf of resistance (worn)
 p - a +2 pair of boots of flying (worn)
 y - a +5 kite shield of protection (worn)
 I - a +2 pair of gloves of strength (worn)
 S - a +2 hat (worn)
Magical Staves
 U - a staff of conjuration (weapon)
Jewellery
 k - the ring "Siggok" (left hand) {Fire rPois Int-3 SInv}
   (You found it on level 1 of the Lair of Beasts)

   [ring of fire]

   It enhances your fire magic.
   Int:       It affects your intelligence (-3).
   rF:        It protects you from fire.
   rC:        It makes you vulnerable to cold.
   rPois:     It protects you from poison.
   SInv:      It lets you see invisible.
 o - the ring "Sifeleof" {rN+ Str+6}
   (You found it on level 5 of the Pits of Slime)

   [ring of strength]

   Str:       It affects your strength (+6).
   rN:        It protects you from negative energy.
 q - the amulet of Aratixko {Rampage rC++ rN+ Regen+}
   (You found it on level 5 of the Pits of Slime)

   [amulet of regeneration]

   rC:        It greatly protects you from cold.
   rN:        It protects you from negative energy.
   Regen:     It increases your rate of health regeneration.
   Rampage:   It bestows one free step when moving towards enemies.
 z - the amulet "Bennag" (around neck) {RegenMP rF+}
   (You bought it in a shop on level 2 of the Orcish Mines)

   [amulet of magic regeneration]

   It increases your rate of magic regeneration.
   rF:        It protects you from fire.
 C - the ring "Deasah" {rElec rF+ Will+++ rCorr Str-5}
   (You found it on level 5 of the Pits of Slime)

   [ring of protection from fire]

   Str:       It affects your strength (-5).
   rF:        It protects you from fire.
   rElec:     It insulates you from electricity.
   rCorr:     It protects you from acid and corrosion.
   Will:      It greatly increases your willpower.
 K - a ring of willpower
 O - a ring of magical power
 Q - the ring of Ohiadubu (right hand) {rPois rN+ rCorr Int+2}
   (You took it off a deep elf death mage on level 3 of the Elven Halls)

   [ring of positive energy]

   Int:       It affects your intelligence (+2).
   rPois:     It protects you from poison.
   rN:        It protects you from negative energy.
   rCorr:     It protects you from acid and corrosion.
Wands
 a - a wand of flame (40)
 j - a wand of digging (19)
 H - a wand of acid (49)
 J - a wand of iceblast (63)
 N - a wand of mindburst (9)
Scrolls
 b - 3 scrolls of fog
 c - 6 scrolls of summoning
 f - 20 scrolls of teleportation
 g - 2 scrolls of blinking
 h - 6 scrolls of enchant armour
 i - 5 scrolls of poison
 r - 5 scrolls of silence
 t - 6 scrolls of enchant weapon
 u - 5 scrolls of amnesia
 w - 10 scrolls of immolation
 E - 4 scrolls of fear
 W - 2 scrolls of magic mapping
 Y - 3 scrolls of torment
 Z - 2 scrolls of brand weapon
Potions
 d - 9 potions of brilliance
 l - 3 potions of berserk rage
 m - 6 potions of haste
 n - 3 potions of flight
 s - 4 potions of invisibility
 v - 2 potions of ambrosia
 x - a potion of magic
 A - a potion of resistance
 B - 4 potions of might
 D - 20 potions of curing
 L - 2 potions of cancellation
Miscellaneous
 G - a phial of floods
 M - a condenser vane
 P - a tin of tremorstones (2/2)
 R - a phantom mirror
 V - a lightning rod (4/4)
 X - a box of beasts


   Skills:
 - Level 9.0 Fighting
 - Level 12.0 Staves
 - Level 9.0 Dodging
 - Level 12.5 Stealth
 - Level 15.0 Shields
 - Level 17.0 Spellcasting
 + Level 22.6 Conjurations
 - Level 15.0 Translocations
 + Level 22.6 Fire Magic
 - Level 13.0 Evocations


You had 12 spell levels left.
You knew the following spells:

 Your Spells              Type           Power      Damage    Failure   Level
a - Teleport Other        Tloc           81%        N/A       1%          3
b - Fireball              Conj/Fire      72%        3d27      0%          5
c - Ignition              Fire           60%        3d16      1%          8
d - Dispersal             Tloc           40%        N/A       1%          6
g - Gell's Gravitas       Tloc           81%        N/A       1%          3
p - Foxfire               Conj/Fire      100%       2x1d9     0%          1
s - Starburst             Conj/Fire      72%        6d19      1%          6
v - Scorch                Fire           100%       2d10      0%          2
x - Iskenderun's Mystic   Conj/Tloc      100%       2d19      0%          4
z - Orb of Destruction    Conj           60%        9d15      1%          7

Your spell library contained the following spells:

 Spells                   Type           Power      Damage    Failure   Level
 Fire Storm               Conj/Fire      72%        8d18      10%         9
 Chain Lightning          Conj/Air       45%        3d60      100%        9
 Shatter                  Erth           11%        3d12*     100%        9
 Magic Dart               Conj           100%       1d8       0%          1
 Lesser Beckoning         Tloc           100%       N/A       0%          2
 Searing Ray              Conj           100%       2d8       0%          2
 Iskenderun's Battlesphe  Conj           100%       2d15      0%          5
 Kiss of Death            Conj/Necr      100%       2d13      1%          1
 Sandblast                Erth           44%        2d11      1%          1
 Shock                    Conj/Air       100%       1d9       1%          1
 Dazzling Flash           Conj/Hex       100%       N/A       1%          3
 Hailstorm                Conj/Ice       90%        3d18      1%          3
 Mephitic Cloud           Conj/Pois/Air  77%        N/A       1%          3
 Portal Projectile        Hex/Tloc       100%       N/A       1%          3
 Stone Arrow              Conj/Erth      100%       3d13      1%          3
 Fulminant Prism          Conj/Hex       45%        3d21      1%          4
 Freezing Cloud           Conj/Ice/Air   38%        6-21      1%          5
 Lightning Bolt           Conj/Air       45%        1d65      1%          5
 Iron Shot                Conj/Erth      45%        9d9       1%          6
 Beastly Appendage        Tmut           44%        N/A       3%          1
 Necrotise                Necr           88%        1d8       3%          1
 Sting                    Tmut/Pois      88%        1d7       3%          1
 Summon Small Mammal      Summ           88%        N/A       3%          1
 Summon Forest            Summ/Tloc      29%        N/A       4%          5
 Call Imp                 Summ           22%        N/A       5%          2
 Cigotuvi's Dreadful Rot  Necr/Pois/Air  44%        N/A       5%          2
 Ensorcelled Hibernation  Hex/Ice        44%        N/A       5%          2
 Passwall                 Tmut/Erth      18%        N/A       5%          2
 Wereblood                Tmut           22%        N/A       5%          2
 Spellforged Servitor     Conj/Summ      45%        N/A       8%          7
 Airstrike                Air            11%        2d(2-18)  10%         4
 Olgreb's Toxic Radiance  Pois           22%        N/A       10%         4
 Call Canine Familiar     Summ           22%        N/A       11%         3
 Confusing Touch          Hex            22%        N/A       11%         3
 Ozocubu's Armour         Ice            22%        N/A       11%         3
 Spider Form              Tmut/Pois      22%        N/A       11%         3
 Summon Guardian Golem    Hex/Summ       22%        N/A       11%         3
 Swiftness                Air            22%        N/A       11%         3
 Tukima's Dance           Hex            22%        N/A       11%         3
 Vampiric Draining        Necr           22%        2d7       11%         3
 Lee's Rapid Deconstruct  Erth           11%        3d8*      24%         5
 Yara's Violent Unravell  Hex/Tmut       11%        3d6       24%         5
 Anguish                  Hex/Necr       11%        N/A       34%         4
 Animate Dead             Necr           22%        N/A       34%         4
 Dispel Undead            Necr           22%        3d12      34%         4
 Ice Form                 Ice/Tmut       22%        N/A       34%         4
 Leda's Liquefaction      Hex/Erth       11%        N/A       34%         4
 Petrify                  Tmut/Erth      22%        N/A       34%         4
 Summon Lightning Spire   Summ/Air       22%        N/A       34%         4
 Lehudib's Crystal Spear  Conj/Erth      45%        10d11     47%         8
 Agony                    Necr           22%        N/A       69%         5
 Blade Hands              Tmut           11%        N/A       69%         5
 Borgnjor's Vile Clutch   Necr/Erth      11%        N/A       69%         5
 Metabolic Englaciation   Hex/Ice        11%        N/A       69%         5
 Summon Mana Viper        Hex/Summ       22%        N/A       69%         5
 Eringya's Noxious Bog    Tmut/Pois      11%        N/A       77%         6
 Death Channel            Necr           11%        N/A       99%         6
 Simulacrum               Ice/Necr       11%        N/A       99%         6
 Statue Form              Tmut/Erth      14%        N/A       99%         6
 Summon Cactus Giant      Summ           11%        N/A       99%         6
 Ozocubu's Refrigeration  Ice            11%        4d9       99%         7
 Enfeeble                 Hex            11%        N/A       100%        7
 Haunt                    Necr/Summ      11%        N/A       100%        7
 Storm Form               Tmut/Air       11%        N/A       100%        7
 Summon Hydra             Summ           11%        N/A       100%        7
 Maxwell's Capacitive Co  Air            11%        ∞         100%        8
 Necromutation            Tmut/Necr      11%        N/A       100%        8
 Dragon's Call            Summ           11%        N/A       100%        9
 Polar Vortex             Ice            11%        N/A       100%        9
 Animate Armour           Summ/Erth      Unusable   N/A       N/A         4

Dungeon Overview and Level Annotations

Branches:
Dungeon (15/15)            Temple (0/1) D:4            Lair (5/5) D:10
  Swamp (4/4) Lair:2        Snake (4/4) Lair:3        Slime (5/5) Lair:4
    Orc (2/2) D:12            Elf (3/3) Orc:2        Vaults (4/5) D:14
  Crypt (0/3) Vaults:2     Depths (4/4) D:15            Zot (3/5) Depths:4
Ossuary (visited)           IceCv (visited)         Gauntlet (visited)

Altars:
Ashenzari
Dithmenos
Fedhas
Gozag
Hepliaklqana
Kikubaaqudgha
Nemelex Xobeh
Okawaru
Trog
Uskayaw
Vehumet
Xom
Yredelemnul
Zin
The Shining One

Shops:
D:4 [   Orc:2 *((=:   Elf:2 (   Elf:3 *   Snake:1 *[   Snake:4 :

Portals:
Hell: Depths:1 Depths:2 Depths:3 Depths:4
Abyss: Depths:1 Depths:3
Pandemonium: Depths:2 Depths:4
Ziggurat: Depths:2

Annotations:
Elf:2 3 runed translucent doors
Vaults:2 1 runed translucent door, Sizubyoz's ghost, adept DsHu
Depths:3 1 runed translucent door


Innate Abilities, Weirdness & Mutations

You can spit globs of acid.
Your golden yellow scales are hard. (AC +12)
You cannot fit into any form of body armour.
You have acidic saliva.
You are cold-blooded and may be slowed by cold attacks.
You are resistant to acid. (rCorr)


Message History

The death cob hits you! The death cob misses you.
You block the death cob's attack.
The white draconian stormcaller invokes the aid of Qazlal against you.
Qazlal smites you! The death drake breathes miasma at you.
The foul vapour engulfs you!
You are poisoned.
* * * LOW HITPOINT WARNING * * *
The death cob hits you!
* * * LOW HITPOINT WARNING * * *
The white draconian stormcaller mumbles some strange prayers to Qazlal against you.
Qazlal smites you!
* * * LOW HITPOINT WARNING * * *
Blink to where?
Press: ? - help, Q - select action, (/) - cycle Dir - move target
As you read the scroll of blinking, it crumbles to dust.
* * * LOW HITPOINT WARNING * * *
You feel extremely sick.
You feel better. You block the death cob's attack.
You feel better. The death cob hits you!
* * * LOW HITPOINT WARNING * * *
The death cob drains your vigour!
You feel as though you will be slow longer.
You block the death cob's attack.
The death cob hits you but does no damage.
You block the death cob's attack.
Blink to where?
Press: ? - help, Q - select action, (/) - cycle Dir - move target
As you read the scroll of blinking, it crumbles to dust.
You feel better. You block the death cob's attack.
You feel better. You block the death cob's attack. x2
The death drake breathes miasma at you.
The foul vapour engulfs the death cob.
The death cob completely resists.
The death cob hits you!!
* * * LOW HITPOINT WARNING * * *
The death cob barely misses you.
You feel better.
You are engulfed in dark miasma.
* * * LOW HITPOINT WARNING * * *
The death cob hits you!!
You die...

,,,* #.# *,,* #.# ,,,* #.#
*,,***** #.## ******
*,,*,,,###.†############## *,,,,,
*,,*,*,#.............k...# *,,,,,
*,,*,*,#...).##.°°°°☼###.# *,,,,,
*,,*,#.####..##.°z°°.#*#.#**,,,,,
,,,*.........##.@°°..+,°k.,+,,,,,
,,,*.............°...#*#.##*,,,,,
,,,*......#....#+##### #.# *,,,,,
,,,*.#.####......# ##.#######*
,,,,..,,,,#..##.## #§..°°....,
,,,*.*,*#...###.#######°####..##*
,,,*,*....##..†kk...○°..........,
,,,*,*#...*#..###..k°..........,,
,,,*,,...,*#..#q#§.°...........,,


You could see a death cob and a death drake (summoned).

Vanquished Creatures
  the Royal Jelly (Slime:5)
  Mara (Snake:4)
  Margery (Vaults:2)
  A caustic shrike (Depths:3)
  2 curse toes
  8 golden dragons
  Jory (Vaults:3)
  A bone dragon (Depths:4)
  An electric golem (Zot:1)
  3 tentacled monstrosities
  3 liches
  Asterion (Elf:2)
  3 titans
  2 walking earthen tomes (Depths:3)
  2 deep elf master archers (Elf:3)
  A walking divine tome (Depths:3)
  2 quicksilver dragons (Zot:1)
  A walking frostbound tome (Depths:1)
  2 deep elf blademasters (Elf:3)
  2 sphinxes (Vaults:3)
  3 death cobs
  2 thorn hunters
  11 acid blobs
  An ancient champion (Vaults:2)
  3 storm dragons
  3 tengu reavers
  Kirke (Lair:4)
  3 shadow dragons
  A draconian monk (Zot:2)
  A revenant (Depths:2)
  Donald (Vaults:4)
  6 nagarajas (Snake:4)
  2 fenstrider witches
  8 rockslimes (Slime:5)
  2 draconian knights
  11 azure jellies
  12 frost giants
  8 fire giants
  A draconian scorcher (Zot:2)
  2 draconian stormcallers (Zot:1)
  Aizul (Swamp:2)
  A spectral juggernaut (Depths:2)
  3 draconian shifters
  9 vault wardens
  4 deep elf sorcerers (Elf:3)
  An orc warlord (Vaults:4)
  5 deep elf elementalists
  2 caustic shrike zombies (Depths:1)
  2 spectral caustic shrikes (Depths:2)
  15 very ugly things
  A draconian annihilator (Zot:2)
  9 quicksilver oozes
  17 ironbound preservers
  3 green draconians
  4 war gargoyles
  2 ironbound thunderhulks (Vaults:4)
  6 stone giants
  8 deep elf annihilators
  5 eleionomae
  5 vampire knights
  2 red draconians (Zot:1)
  2 bunyips
  4 black draconians
  6 yellow draconians
  5 purple draconians
  9 deep elf demonologists
  7 white draconians
  25 dire elephants
  13 spark wasps
  Azrael (Snake:2)
  3 eidola
  A crystal guardian (Vaults:3)
  10 ettins
  Snorg (D:11)
  11 deep elf death magi
  A great orb of eyes (shapeshifter) (Elf:3)
  7 jiangshi
  A shambling mangrove (Swamp:4)
  4 deep elf high priests
  2 entropy weavers
  Josephine (Lair:3)
  15 yaktaur captains
  14 great orbs of eyes
  22 hydras
  4 rakshasas
  7 fire dragons
  2 hell beasts (Depths:2)
  2 spectral sphinxes (Depths:2)
  4 catoblepae
  12 vault guards
  5 salamander tyrants
  The ghost of jfcaron the Zephyrmancer, a journeyman DrAE of Sif Muna (Lair:1)
  3 caustic shrike simulacra (Depths:2)
  13 two-headed ogres
  2 ghost crabs
  2 ogre magi (D:15)
  7 centaur warriors
  A spriggan skeleton (Depths:2)
  12 ice dragons
  A jorogumo (shapeshifter) (Vaults:3)
  6 ironbound frosthearts
  A merfolk avatar (Lair:5)
  4 spriggan air magi
  19 alligators
  A spectral fire giant (Depths:2)
  9 anacondas
  3 peacekeepers
  The ghost of Etzysuoth the Martial Artist, a journeyman DsWr of Qazlal (D:12)
  A boulder beetle (Lair:2)
  4 deep troll shamans
  7 death yaks
  3 tengu warriors
  8 vampire magi
  14 dancing weapons
  10 shock serpents
  14 naga warriors
  18 naga sharpshooters
  8 deep troll earth magi
  2 orc high priests (Orc:2)
  7 sun demons (Depths:1)
  11 hell knights
  7 spriggan berserkers
  14 deep elf knights
  7 salamander mystics
  2 shadow wraiths (Depths:2)
  A spectral spriggan (Depths:2)
  14 iron trolls
  3 goliath frogs
  A swamp dragon (shapeshifter) (Depths:3)
  2 death drakes (shapeshifter)
  58 deep trolls
  2 sea snakes
  A golden dragon zombie (Depths:1)
  7 spriggan druids
  4 glowing orange brains
  A spark wasp zombie (Depths:2)
  Pikel (D:5)
  A flayed ghost (Depths:3)
  7 wizards
  2 naga ritualists
  11 swamp dragons
  6 bog bodies
  19 deep elf archers
  16 ironbound convokers
  5 lindwurms
  4 orc knights (Vaults:4)
  7 phantasmal warriors
  2 golden dragon skeletons (Depths:2)
  2 harpies (Lair:5)
  3 shining eyes
  25 deep elf zephyrmancers
  4 fire giant zombies (Depths:1)
  10 mana vipers
  5 orc sorcerers (Orc:2)
  2 iron dragon zombies (Depths:1)
  3 sphinx zombies (Depths:1)
  29 deep elf pyromancers
  5 necromancers
  2 cyclopes
  5 will-o-the-wisps
  A cyclops (shapeshifter) (Vaults:2)
  2 frost giant zombies (Depths:1)
  41 ugly things
  4 manticores
  A stone giant zombie (Depths:1)
  10 moths of wrath
  A moth of wrath (shapeshifter) (Vaults:3)
  12 elephants
  18 salamanders
  A faun (shapeshifter) (Elf:3)
  53 black mambas
  12 vault sentinels
  A frost giant skeleton (Depths:2)
  A guardian serpent (shapeshifter) (Vaults:4)
  6 guardian serpents
  20 naga magi
  2 gargoyles
  19 cane toads
  2 eyes of devastation
  A kobold demonologist (D:14)
  2 ice statues (IceCv)
  An efreet (D:14)
  5 freezing wraiths (Depths:2)
  8 rime drakes
  2 tengu conjurers
  27 yaktaurs
  A hellion (Depths:1)
  3 unseen horrors (D:12)
  13 komodo dragons
  A spectral glowing shapeshifter (Depths:2)
  2 golden dragon simulacra (Depths:2)
  2 trolls
  A tengu simulacrum (Depths:2)
  5 polar bears
  Grinder (D:3)
  10 tyrant leeches
  A tarantella (shapeshifter) (Depths:1)
  14 hornets
  2 bloated husks
  A wind drake (Lair:5)
  A blink frog (shapeshifter) (D:15)
  22 blink frogs
  4 spriggan zombies (Depths:1)
  A snapping turtle (Lair:5)
  An iron dragon simulacrum (Depths:2)
  10 dream sheep
  An ettin zombie (Depths:1)
  60 slime creatures
  3 flying skulls (Depths:2)
  5 air elementals
  Sigmund (D:3)
  9 wraiths
  A shadow (D:10)
  14 water elementals
  14 spriggans
  8 wyverns
  30 yaks
  2 hogs (Lair:4)
  A fire bat (shapeshifter) (Vaults:3)
  4 golden eyes
  7 fire elementals
  Grum (D:9)
  A neqoxec (Depths:2)
  A redback (Vaults:2)
  8 vampire mosquitoes
  8 basilisks
  A steam dragon (Lair:5)
  A warg (Orc:2)
  A death yak simulacrum (IceCv)
  72 nagas
  13 swamp worms
  A harpy simulacrum (IceCv)
  Edmund (D:6)
  3 acid dragons
  3 tengu zombies (Depths:1)
  Duvessa (D:7)
  2 hell hounds
  21 water moccasins
  11 swamp drakes
  2 ice beasts
  A sky beast (shapeshifter) (D:15)
  20 orc warriors
  A sky beast (D:7)
  7 ogres
  2 black bears
  13 wolves
  2 centaurs
  3 phantoms
  An elf zombie (Ossuary)
  4 lemures (D:5)
  13 bullfrogs
  A gnoll sergeant (D:8)
  6 necrophages
  6 kobold brigands
  2 scorpions
  5 earth elementals
  A cane toad simulacrum (IceCv)
  3 wights (D:9)
  Dowan (D:7)
  10 killer bees
  A blink frog simulacrum (Lair:1)
  An elephant simulacrum (IceCv)
  7 howler monkeys
  4 electric eels
  4 jellies
  3 hounds
  A komodo dragon simulacrum (Lair:1)
  Crazy Yiuf (D:5)
  A centaur zombie (Ossuary)
  18 orc priests
  A gnoll bouda (D:5)
  3 human zombies
  2 iguanas
  Jessica (D:2)
  2 water moccasin simulacra (Lair:1)
  Ijyb (D:4)
  36 orc wizards
  Natasha (twice) (D:4)
  A polar bear simulacrum (Lair:1)
  A bullfrog simulacrum (Lair:1)
  2 mummies (Ossuary)
  10 gnolls
  9 adders
  2 river rats (Lair:3)
  3 white imps
  3 ufetubi
  2 adder zombies (Ossuary)
  2 worms (D:2)
  3 dart slugs
  83 orcs
  6 ball pythons
  4 bats
  4 endoplasms
  4 giant cockroaches
  4 goblins
  11 hobgoblins
  20 jackals
  34 kobolds
  5 quokkas
  2 frilled lizards
  2 goblin zombies (Ossuary)
  8 hobgoblin zombies (Ossuary)
  A jackal zombie (Ossuary)
  13 kobold zombies (Ossuary)
  6 orc zombies (Ossuary)
  8 rats
  15 butterflies (Vaults:4)
  A foxfire (Snake:3)
2041 creatures vanquished.

Vanquished Creatures (collateral kills)
  A bunyip (Swamp:4)
  A hydra (Swamp:4)
  A swamp dragon (Swamp:1)
  A will-o-the-wisp (Swamp:4)
  A tyrant leech (Swamp:4)
  2 foxfires (Lair:3)
7 creatures vanquished.

Vanquished Creatures (others)
  1041 foxfires
  65 fungi
  111 plants
  A withered plant (Gauntlet)
1218 creatures vanquished.

Grand Total: 3266 creatures vanquished

Notes
Turn   | Place    | Note
-------+----------+-------------------------------------------
     0 | D:1      | experimilk the Draconian Conjurer began the quest for the
                  | Orb.
     0 | D:1      | Reached XP level 1. HP: 14/14 MP: 3/3
   444 | D:1      | Reached XP level 2. HP: 20/20 MP: 1/5
  1409 | D:2      | Reached skill level 5 in Conjurations
  1409 | D:2      | Reached XP level 3. HP: 26/26 MP: 1/6
  1412 | D:2      | Learned a level 2 spell: Searing Ray
  1472 | D:2      | Noticed a gnoll sergeant
  1759 | D:2      | Found a hide-covered altar of Uskayaw.
  1903 | D:2      | Noticed Jessica
  1908 | D:2      | Killed Jessica
  1909 | D:2      | Reached XP level 4. HP: 33/33 MP: 0/7
  3501 | D:2      | Found a faded altar of an unknown god.
  4044 | D:2      | Found the +5 woodcutter's axe
  4141 | D:3      | Noticed Grinder
  4151 | D:3      | Killed Grinder
  4152 | D:3      | Reached XP level 5. HP: 36/38 MP: 1/9
  4152 | D:3      | Reached XP level 6. HP: 43/45 MP: 1/10
  5534 | D:3      | Found a hazy altar of Hepliaklqana.
  5575 | D:3      | Found a shadowy altar of Dithmenos.
  5579 | D:3      | Found an iron altar of Okawaru.
  5579 | D:3      | Found a sparkling altar of Nemelex Xobeh.
  5579 | D:3      | Found a radiant altar of Vehumet.
  5622 | D:3      | Became a worshipper of Vehumet
  5651 | D:3      | Noticed Sigmund
  5658 | D:3      | Killed Sigmund
  5659 | D:3      | Your scales start taking on a golden yellow colour.
  5659 | D:3      | Reached XP level 7. HP: 44/50 MP: 2/11
  5659 | D:3      | Gained mutation: You are resistant to acid. (rCorr) [Yellow
                  | Draconian growth]
  5732 | D:3      | Learned a level 4 spell: Iskenderun's Mystic Blast
  5738 | D:3      | Learned a level 5 spell: Fireball
  5878 | D:4      | Reached skill level 1 in Fire Magic
  6145 | D:4      | Noticed Natasha
  6150 | D:4      | Killed Natasha
  6211 | D:4      | Found a staircase to the Ecumenical Temple.
  6499 | D:4      | Found Qudaseck's Antique Armour Shop.
  6538 | D:4      | Noticed Ijyb
  6542 | D:4      | Killed Ijyb
  6603 | D:4      | Noticed Natasha
  6619 | D:4      | Killed Natasha
  7048 | D:4      | Reached skill level 5 in Spellcasting
  7048 | D:4      | Reached XP level 8. HP: 57/57 MP: 8/15
  7102 | D:4      | Found a shimmering altar of Xom.
  7156 | D:4      | Found a bloodstained altar of Trog.
  7204 | D:4      | Learned a level 1 spell: Foxfire
  7585 | D:5      | Entered Level 5 of the Dungeon
  7812 | D:5      | Noticed Pikel
  7830 | D:5      | Killed Pikel
  7888 | D:5      | Reached * piety under Vehumet
  7888 | D:5      | Offered knowledge of Shock by Vehumet.
  7968 | D:5      | Found a sand-covered staircase.
  7979 | Ossuary  | Entered an ossuary
  8932 | Ossuary  | Reached ** piety under Vehumet
  8932 | Ossuary  | Offered knowledge of Scorch by Vehumet.
  8974 | Ossuary  | Learned a level 2 spell: Scorch
  9430 | D:5      | Reached XP level 9. HP: 62/62 MP: 9/16
  9481 | D:5      | Got the Incunable of the Quake and Ignition
 10045 | D:5      | Found a runed translucent door.
 10046 | D:5      | Noticed Crazy Yiuf
 10052 | D:5      | Killed Crazy Yiuf
 10100 | D:6      | Offered knowledge of Frozen Ramparts by Vehumet.
 10640 | D:6      | Learned a level 3 spell: Gell's Gravitas
 10762 | D:6      | Reached *** piety under Vehumet
 10840 | D:6      | Reached skill level 1 in Translocations
 10985 | D:6      | Found a basalt altar of Yredelemnul.
 11107 | D:6      | Noticed Edmund
 11111 | D:6      | Killed Edmund
 11353 | D:7      | Noticed Duvessa
 11361 | D:7      | Killed Duvessa
 11377 | D:7      | Noticed Dowan
 11388 | D:7      | Killed Dowan
 11389 | D:7      | Reached skill level 10 in Fire Magic
 11449 | D:7      | Offered knowledge of Sticky Flame by Vehumet.
 12186 | D:7      | Reached XP level 10. HP: 69/69 MP: 7/17
 12410 | D:7      | Found a blossoming altar of Fedhas.
 13654 | D:8      | Found a broken altar of Ashenzari.
 14038 | D:9      | Identified 3 scrolls of acquirement
 14039 | D:9      | Acquired Nawnuc's Compendium of the Gestalt and Places
 14043 | D:9      | Acquired 1107 gold pieces
 14087 | D:9      | Acquired 1237 gold pieces
 14627 | D:9      | Reached **** piety under Vehumet
 14730 | D:9      | Found a glowing silver altar of Zin.
 14758 | D:9      | Found an opulent altar of Gozag.
 14877 | D:9      | Noticed Grum
 14879 | D:9      | Killed Grum
 15214 | D:10     | Entered Level 10 of the Dungeon
 15351 | D:10     | Noticed a two-headed ogre
 15356 | D:10     | Killed a two-headed ogre
 15357 | D:10     | Reached skill level 1 in Evocations
 15689 | D:10     | Identified the ring "Jossen" {rC+ EV+5 Int-5 Dex+5 Stlth+}
 15916 | D:10     | Offered knowledge of Flame Wave by Vehumet.
 15918 | D:10     | Noticed a gargoyle
 15920 | D:10     | Killed a gargoyle
 16310 | D:10     | Reached XP level 11. HP: 74/74 MP: 16/22
 16495 | D:10     | Found a staircase to the Lair.
 16725 | D:10     | Noticed a two-headed ogre
 16729 | D:10     | Killed a two-headed ogre
 17017 | D:11     | Noticed a two-headed ogre
 17025 | D:11     | Killed a two-headed ogre
 17026 | D:11     | Reached skill level 5 in Translocations
 17042 | D:11     | Noticed Snorg
 17837 | D:11     | Killed Snorg
 18813 | Lair:1   | Entered Level 1 of the Lair of Beasts
 19078 | Lair:1   | Found a runed translucent gate.
 19083 | Lair:1   | Found a runed translucent gate.
 19083 | Lair:1   | Found a runed translucent gate.
 19601 | Lair:1   | Noticed an ice dragon
 19779 | Lair:1   | Noticed jfcaron's ghost (journeyman DrAE)
 20202 | Lair:2   | Reached skill level 10 in Conjurations
 20318 | Lair:2   | Noticed a seven-headed hydra
 20323 | Lair:2   | Killed a seven-headed hydra
 20430 | Lair:2   | Found a staircase to the Swamp.
 20477 | Lair:2   | Learned a level 6 spell: Starburst
 20515 | Lair:2   | Noticed a catoblepas
 20532 | Lair:2   | Killed a catoblepas
 20533 | Lair:2   | Reached XP level 12. HP: 67/81 MP: 14/25
 20960 | Lair:2   | Noticed a death yak
 20968 | Lair:2   | Killed a death yak
 20969 | Lair:2   | Noticed a death yak
 20969 | Lair:2   | Noticed a death yak
 20989 | Lair:2   | Killed a death yak
 21019 | Lair:2   | Noticed a death yak
 21087 | Lair:2   | Killed a death yak
 21318 | Lair:2   | Noticed a boulder beetle
 21324 | Lair:2   | Killed a boulder beetle
 21687 | Lair:2   | Noticed a death yak
 21689 | Lair:2   | Noticed a death yak
 21692 | Lair:2   | Killed a death yak
 21697 | Lair:2   | Killed a death yak
 21697 | Lair:2   | Killed a death yak
 22207 | Lair:2   | You fall into a shaft and drop 1 floor!
 22276 | Lair:3   | Found a gate leading to a gauntlet.
 22283 | Gauntlet | Entered a Gauntlet
 22283 | Gauntlet | Found a transporter.
 22294 | Gauntlet | Found a transporter.
 22295 | Gauntlet | Found a transporter.
 22309 | Gauntlet | Found a transporter.
 22311 | Gauntlet | Found a transporter.
 22320 | Gauntlet | Found a transporter.
 22333 | Gauntlet | Noticed a reaper
 22335 | Gauntlet | Found a runed translucent gate.
 22336 | Gauntlet | Found a transporter.
 22336 | Gauntlet | Found a runed translucent gate.
 22337 | Gauntlet | Found a runed translucent gate.
 22346 | Gauntlet | Found a transporter.
 22353 | Gauntlet | Noticed a death yak
 22353 | Gauntlet | Noticed a death yak
 22353 | Gauntlet | Noticed a death yak
 22353 | Gauntlet | Noticed a death yak
 22356 | Gauntlet | Found a transporter.
 22406 | Gauntlet | Found a transporter.
 22406 | Gauntlet | Found a transporter.
 22415 | Gauntlet | Found a transporter.
 22416 | Gauntlet | Found a transporter.
 22915 | Lair:3   | Reached ***** piety under Vehumet
 23001 | Lair:3   | Offered knowledge of Arcjolt by Vehumet.
 23007 | Lair:3   | Noticed a catoblepas
 23013 | Lair:3   | Killed a catoblepas
 23016 | Lair:3   | Reached XP level 13. HP: 84/86 MP: 12/26
 23189 | Lair:3   | Noticed Josephine
 23539 | Lair:3   | Killed Josephine
 24872 | Lair:3   | Found a staircase to the Snake Pit.
 25000 | Lair:4   | Found a staircase to the Slime Pits.
 25005 | Lair:4   | Reached skill level 10 in Spellcasting
 25581 | Lair:4   | Reached skill level 5 in Evocations
 26318 | Lair:4   | Reached skill level 15 in Fire Magic
 26329 | Lair:4   | Noticed Kirke
 26336 | Lair:4   | Killed Kirke
 26770 | Lair:5   | Entered Level 5 of the Lair of Beasts
 26964 | Lair:5   | Gained mutation: You have acidic saliva. [Yellow Draconian
                  | growth]
 26964 | Lair:5   | Reached XP level 14. HP: 73/93 MP: 18/28
 27224 | Lair:4   | Acquired a staff of conjuration
 28919 | Lair:5   | HP: 4/93 [elephant (42)]
 28997 | Lair:5   | Offered knowledge of Olgreb's Toxic Radiance by Vehumet.
 30155 | Lair:1   | Killed jfcaron's ghost
 30209 | Lair:1   | Got the ring "Siggok" {Fire rPois Int-3 SInv}
 30242 | Lair:1   | Acquired 572 gold pieces
 30640 | D:12     | Found a frozen archway.
 30646 | IceCv    | Entered an ice cave
 30732 | IceCv    | Found a transporter.
 30738 | IceCv    | Found a transporter.
 31740 | D:12     | Found a staircase to the Orcish Mines.
 31881 | D:12     | Found a runed translucent door.
 31886 | D:12     | Identified the +4 spear of Exquisite Death {freeze, Int+5
                  | Stlth-}
 31886 | D:12     | Noticed Etzysuoth's ghost (journeyman DsWr)
 32243 | D:12     | Offered knowledge of Eringya's Noxious Bog by Vehumet.
 32256 | D:12     | Killed Etzysuoth's ghost
 32671 | Orc:1    | Entered Level 1 of the Orcish Mines
 32817 | Orc:1    | Reached XP level 15. HP: 99/99 MP: 30/30
 32986 | Orc:2    | Entered Level 2 of the Orcish Mines
 32986 | Orc:2    | Found a staircase to the Elven Halls.
 32991 | Orc:2    | Reached skill level 1 in Shields
 32998 | Orc:2    | Reached skill level 15 in Conjurations
 33381 | Orc:2    | Learned a level 3 spell: Stone Arrow
 33942 | Orc:2    | Found Kupnod's Antique Weapon Shop.
 33943 | Orc:2    | Found Uneent's Jewellery Boutique.
 34054 | Orc:2    | Found Aqec's Assorted Antiques.
 34131 | Orc:2    | Found Seit's Book Boutique.
 34135 | Orc:2    | Found Qarhim's Antique Weapon Shop.
 34141 | Orc:2    | Bought the amulet "Bennag" {RegenMP rF+} for 616 gold
                  | pieces
 34299 | Orc:2    | Bought a phial of floods for 1000 gold pieces
 34577 | D:4      | Bought a pair of glowing gloves for 172 gold pieces
 35390 | D:14     | Learned a level 3 spell: Teleport Other
 35741 | D:14     | Found a gate to the Vaults.
 35744 | D:14     | Reached ****** piety under Vehumet
 35794 | D:14     | Offered knowledge of Orb of Destruction by Vehumet.
 35969 | D:14     | Learned a level 7 spell: Orb of Destruction
 36029 | D:14     | Reached skill level 5 in Shields
 36504 | D:15     | Entered Level 15 of the Dungeon
 37055 | D:15     | Found a staircase to the Depths.
 37222 | D:15     | Found a glowing golden altar of the Shining One.
 37518 | Snake:1  | Entered Level 1 of the Snake Pit
 38072 | Snake:1  | Reached XP level 16. HP: 105/105 MP: 26/31
 38283 | Snake:1  | Found Egudduel's Gadget Gallery.
 38293 | Snake:1  | Bought a condenser vane for 480 gold pieces
 38293 | Snake:1  | Bought a phantom mirror for 480 gold pieces
 38323 | Snake:1  | Found Ysuicegri's Antique Armour Shop.
 38825 | Snake:2  | Noticed Azrael
 39225 | Snake:1  | Offered knowledge of Iron Shot by Vehumet.
 40753 | Snake:2  | Killed Azrael
 40989 | Snake:2  | Reached skill level 10 in Evocations
 42308 | Snake:3  | Reached skill level 10 in Shields
 42715 | Snake:3  | Offered knowledge of Spellforged Servitor by Vehumet.
 44271 | Snake:4  | Entered Level 4 of the Snake Pit
 44275 | Snake:4  | Reached XP level 17. HP: 91/111 MP: 30/33
 44624 | Snake:4  | Noticed Mara
 45076 | Swamp:1  | Entered Level 1 of the Swamp
 46021 | Swamp:2  | Offered knowledge of Maxwell's Capacitive Coupling by
                  | Vehumet.
 46278 | Swamp:2  | Noticed Aizul
 46290 | Swamp:2  | Killed Aizul
 47455 | Swamp:4  | Entered Level 4 of the Swamp
 47717 | Swamp:4  | Reached skill level 10 in Translocations
 47735 | Swamp:4  | Offered knowledge of Fire Storm by Vehumet.
 47735 | Swamp:4  | Offered knowledge of Shatter by Vehumet.
 47735 | Swamp:4  | Offered knowledge of Chain Lightning by Vehumet.
 47916 | Swamp:4  | Reached XP level 18. HP: 77/117 MP: 12/36
 48431 | Swamp:4  | Reached skill level 15 in Spellcasting
 48438 | Swamp:4  | Learned a level 6 spell: Dispersal
 48449 | Swamp:4  | Learned a level 8 spell: Ignition
 48476 | Swamp:4  | Got a decaying rune of Zot
 49335 | Snake:4  | Noticed experimilk's illusion
 49339 | Snake:4  | Killed Mara
 49616 | Snake:4  | Identified the +1 spear of Vomul {venom, rF++ rC-}
 49900 | Snake:4  | Acquired a +1 buckler of protection
 49995 | Snake:4  | Found Asegoguj's Book Emporium.
 49998 | Snake:4  | Bought a manual of Staves for 1360 gold pieces
 50492 | Snake:4  | Got a serpentine rune of Zot
 50908 | Vaults:1 | Entered Level 1 of the Vaults
 50956 | Vaults:1 | Found a flickering gateway to a bazaar.
 50964 | Bazaar   | Entered a bazaar
 50996 | Bazaar   | Found Baedax's Antique Armour Shoppe.
 51012 | Bazaar   | Found Widiulel's Weapon Shoppe.
 51012 | Bazaar   | Found Istron's Magic Scroll Emporium.
 51091 | Bazaar   | Bought a shiny kite shield for 225 gold pieces
 51119 | Bazaar   | Bought a scroll of enchant armour for 75 gold pieces
 51119 | Bazaar   | Bought a scroll of teleportation for 30 gold pieces
 51119 | Bazaar   | Bought a scroll of teleportation for 30 gold pieces
 51119 | Bazaar   | Bought a scroll of teleportation for 30 gold pieces
 51119 | Bazaar   | Bought 3 scrolls of enchant armour for 225 gold pieces
 51119 | Bazaar   | Bought a scroll of immolation for 40 gold pieces
 52021 | Vaults:1 | Reached XP level 19. HP: 123/123 MP: 13/38
 52733 | Vaults:2 | Noticed Margery
 53880 | Vaults:2 | Found a staircase to the Crypt.
 54738 | Vaults:2 | Killed Margery
 54934 | Vaults:2 | Found a runed translucent door.
 54934 | Vaults:2 | Noticed Sizubyoz's ghost (adept DsHu)
 55686 | Vaults:3 | Noticed Jory
 55700 | Vaults:3 | Killed Jory
 56130 | Vaults:3 | Identified the +8 arbalest of the Curious Quests {heavy,
                  | rElec rC+}
 56868 | Vaults:3 | Reached XP level 20. HP: 125/129 MP: 11/39
 57394 | Vaults:3 | You are sucked into a shaft and drop 1 floor!
 58036 | Vaults:4 | Noticed Donald
 58043 | Vaults:4 | Killed Donald
 58427 | Vaults:4 | Found a huge runed gate.
 58427 | Vaults:4 | Found a huge runed gate.
 58427 | Vaults:4 | Found a huge runed gate.
 58427 | Vaults:4 | Found a huge runed gate.
 58427 | Vaults:4 | Found a huge runed gate.
 58427 | Vaults:4 | Found a huge runed gate.
 58427 | Vaults:4 | Found a huge runed gate.
 58427 | Vaults:4 | Found a huge runed gate.
 58427 | Vaults:4 | Found a huge runed gate.
 58428 | Vaults:4 | Found a huge runed gate.
 58433 | Vaults:4 | Found a huge runed gate.
 58433 | Vaults:4 | Found a huge runed gate.
 58433 | Vaults:4 | Found a huge runed gate.
 58433 | Vaults:4 | Found a huge runed gate.
 58433 | Vaults:4 | Found a huge runed gate.
 58433 | Vaults:4 | Found a huge runed gate.
 58434 | Vaults:4 | Found a huge runed gate.
 58435 | Vaults:4 | Found a huge runed gate.
 58459 | Vaults:4 | Reached skill level 15 in Translocations
 59830 | Vaults:3 | Found the +27 heavy crossbow "Sniper" {heavy, Acc+∞ SInv}
 60192 | Vaults:4 | Found a huge runed gate.
 60200 | Vaults:4 | Found a huge runed gate.
 60200 | Vaults:4 | Found a huge runed gate.
 60200 | Vaults:4 | Found a huge runed gate.
 60200 | Vaults:4 | Found a huge runed gate.
 60200 | Vaults:4 | Found a huge runed gate.
 60200 | Vaults:4 | Found a huge runed gate.
 60201 | Vaults:4 | Found a huge runed gate.
 60514 | Vaults:4 | Reached skill level 15 in Shields
 60593 | Vaults:4 | Reached skill level 1 in Fighting
 60665 | Vaults:4 | Noticed a golden dragon
 60709 | Vaults:4 | Killed a golden dragon
 61257 | Vaults:4 | Reached skill level 5 in Stealth
 61257 | Vaults:4 | Reached XP level 21. HP: 150/150 MP: 26/42
 61302 | Vaults:4 | Reached skill level 5 in Fighting
 61609 | Depths:1 | Entered Level 1 of the Depths
 61968 | Depths:1 | Paralysed by a great orb of eyes for 5 turns
 63030 | Depths:1 | Found a gateway to Hell.
 63263 | Depths:1 | Found a one-way gate to the infinite horrors of the Abyss.
 63428 | Depths:1 | Found a basalt altar of Yredelemnul.
 63925 | Depths:2 | Reached skill level 10 in Stealth
 65387 | Depths:2 | Reached skill level 1 in Staves
 65949 | Depths:2 | Found a one-way gate leading to the halls of Pandemonium.
 66046 | Depths:2 | Reached skill level 5 in Staves
 66157 | Depths:2 | Identified the +10 mace "Demonslayer" {freeze, Str+8 Int-3}
 66179 | Depths:2 | Reached skill level 5 in Dodging
 66258 | Depths:2 | Found an ancient bone altar of Kikubaaqudgha.
 66427 | Depths:2 | Found a one-way gateway to a ziggurat.
 66688 | Depths:3 | Reached XP level 22. HP: 119/172 MP: 17/43
 66792 | Depths:3 | Noticed a golden dragon
 66800 | Depths:3 | Killed a golden dragon
 67349 | Depths:3 | Reached skill level 10 in Staves
 67987 | Depths:3 | Noticed a caustic shrike
 67989 | Depths:3 | Killed a caustic shrike
 69205 | Depths:3 | Found a runed translucent door.
 69251 | Depths:3 | Found a blossoming altar of Fedhas.
 69414 | Depths:3 | Noticed a golden dragon
 69424 | Depths:3 | Killed a golden dragon
 69571 | Depths:3 | Noticed a golden dragon
 69576 | Depths:3 | Killed a golden dragon
 69834 | Depths:4 | Entered Level 4 of the Depths
 70482 | Depths:4 | Noticed a golden dragon
 70490 | Depths:4 | Noticed a golden dragon
 70513 | Depths:4 | Killed a golden dragon
 70906 | Depths:4 | Found a broken altar of Ashenzari.
 70989 | Depths:4 | Killed a golden dragon
 71276 | Depths:4 | Found a gate to the Realm of Zot.
 71721 | Elf:1    | Entered Level 1 of the Elven Halls
 71729 | Elf:1    | Reached XP level 23. HP: 177/178 MP: 36/44
 71901 | Elf:1    | Paralysed by an air elemental for 1 turns
 73112 | Elf:2    | Found Teaqer's Antique Weapon Emporium.
 73118 | Elf:2    | Identified the +6 dagger "Nost" {pain, rF++ Str+4}
 74083 | Elf:2    | Noticed Asterion
 74088 | Elf:2    | Killed Asterion
 74405 | Elf:2    | Found a runed translucent gate.
 74405 | Elf:2    | Found a runed translucent gate.
 74405 | Elf:2    | Found a runed translucent gate.
 74548 | Elf:2    | Found a portal to a secret trove of treasure.
 74653 | Elf:2    | You paid a toll of 5 potions of resistance to enter a
                  | treasure trove
 74654 | Trove    | Entered a treasure trove
 74656 | Trove    | Found the +8 demon blade "Leech" {evervamp, Harm Drain rN+}
 74656 | Trove    | Found the +8 mithril axe "Arga" {speed, Will+}
 74668 | Trove    | Identified the +6 lajatang "Zyalebee" {antimagic, rC+ Dex-5
                  | Stlth+}
 74671 | Trove    | Identified the +9 lajatang of Defiance {flame, Will++
                  | Dex+5}
 74674 | Trove    | Identified the +9 hand axe "Ocyt" {flame, rPois rF+ Str+10
                  | Dex+4}
 74675 | Trove    | Identified the +1 triple crossbow of Classification {speed,
                  | rPois}
 74774 | Elf:3    | Entered Level 3 of the Elven Halls
 74832 | Elf:3    | Paralysed by an air elemental for 1 turns
 75803 | Elf:3    | Found Sary's Assorted Antiques.
 75822 | Elf:3    | Bought a potion of curing for 123 gold pieces
 76025 | Elf:3    | Identified the ring "Xannonuc" {rC+ Dex+4}
 76027 | Elf:3    | Identified the ring "Qisauragg" {Fly Int+3}
 76193 | Elf:3    | Identified the +7 long sword "Newtbane" {freeze, *Rage
                  | rElec rPois rC++}
 76193 | Elf:3    | Identified the ring of Ohiadubu {rPois rN+ rCorr Int+2}
 76194 | Elf:3    | Identified the +10 plate armour "Effaps" {Str-2 Dex+5 SInv}
 77289 | Slime:1  | Entered Level 1 of the Pits of Slime
 77542 | Slime:5  | Entered Level 5 of the Pits of Slime
 77557 | Slime:5  | Noticed the Royal Jelly
 77560 | Slime:5  | Killed the Royal Jelly
 77580 | Slime:5  | Reached XP level 24. HP: 45/185 MP: 32/44
 77965 | Slime:5  | Identified the +5 quarterstaff of Kuh Ezer {freeze, rC-
                  | Str+4 SInv Stlth+}
 77990 | Slime:5  | Identified the amulet of Aratixko {Rampage rC++ rN+ Regen+}
 77992 | Slime:5  | Got a slimy rune of Zot
 78032 | Slime:5  | Identified the ring "Sifeleof" {rN+ Str+6}
 78046 | Slime:5  | Identified the +8 falchion of Xiwkot {venom, rPois rCorr}
 78101 | Slime:5  | Identified the ring "Deasah" {rElec rF+ Will+++ rCorr
                  | Str-5}
 79064 | Zot:1    | Entered Level 1 of the Realm of Zot
 81363 | Zot:3    | Got Dinem's Grimoire of United Vitiation
 82182 | Zot:3    | Mangled by a death cob

Illustrated notes

Levels and vault maps discovered:
D:1:      scummos_arrival_checkerplants, layout_basic, minivault_5
D:2:      layout_basic, basic_altar, chequers_ecumenical_altar_simple_redux,
          chequers_serial_rivers_room_a, st_stairs_10,
          pf_guarded_unrand_woodcutter, uniq_jessica
D:3:      layout_loops_corners, worldfamousw_hep_ancestral_shrine,
          grunt_temple_overflow_open, serial_bayou_pond_e, chequers_mini_garden,
          uniq_grinder, uniq_sigmund
D:4:      layout_loops_corners, kennysheep_little_box,
          mainiacjoe_overflow_paths, temple_fountains, serial_shops,
          nicolae_square_shop, uniq_ijyb, uniq_natasha
D:5:      layout_loops_cross, enter_ossuary_1, gup_sewer_entry_bowl, uniq_pikel,
          uniq_crazy_yiuf_cottage
D:6:      layout_rooms, lemuel_coloured_pillars_altar, uniq_edmund
D:7:      layout_cave_pools, fedhas_altar_4, uniq_duvessa
D:8:      layout_basic, mainiacjoe_overflow_catwalk, lemuel_flamethrower_2
D:9:      layout_irregular_city, pdpol_temple_overflow_zin_treasury_gozag_greed,
          solitary_fountain, uniq_grum
D:10:     layout_small_grid, erik_lair_dragon, grunt_ministairs_1,
          chequers_serial_rivers_micro_e
D:11:     layout_long_grid, uniq_snorg
D:12:     layout_loops_cross, hiddenorc2_lemuel, ebering_ghost_funeral_grove,
          portal_ice_cave_rime, grunt_decor_cap, kennysheep_another_room
D:13:     layout_loops_cross, drop_trap
D:14:     layout_roguey, david_vaults_5, roderic_nine_men_s_morris,
          hangedman_decor_riveting, nicolae_lava_and_water
D:15:     gammafunk_enter_depths_forms, layout_irregular_city, tso_altar
Lair:1:   layout_roguey, gammafunk_ghost_icy
Lair:2:   layout_gridlike, swamp_mist_pool, infiniplex_staircase_pool_2,
          grunt_megastairs_5
Lair:3:   nzn_winding_woodlands_large [nzn_winding_woodlands_5x5_open_star,
          nzn_winding_woodlands_5x15_default, nzn_winding_woodlands_hourglass,
          nzn_winding_woodlands_center_garden,
          nzn_winding_woodlands_15x15_killbox,
          nzn_winding_woodlands_center_pierced_h,
          nzn_winding_woodlands_5x5_closed_star,
          nzn_winding_woodlands_5x15_river_crossing,
          nzn_winding_woodlands_5x5_perimeter], layout_loops_ring,
          guppyfry_snake_entry_island, gauntlet_entry_generic, pond,
          uniq_josephine
Lair:4:   layout_cave_shapes, nicolae_slime_entry_field_trip, uniq_kirke
Lair:5:   gammafunk_lair_ancient_temple, layout_regular_city,
          chequers_serial_rivers_micro_c, minmay_shattered_shrine,
          infiniplex_staircase_pool
Swamp:1:  layout_falls_marsh, nicolae_swamp_tree_designs, swamp_pool3
Swamp:2:  layout_basic_swamp, evilmike_swamp_ruin_house_2, swamp_pool5,
          uniq_aizul
Swamp:3:  layout_basic_swamp, evilmike_swamp_ruin_house_5
Swamp:4:  swamp_basic_johnstein, layout_basic_swamp
Snake:1:  layout_grid_maze, st_stairs_9, nicolae_shop_gadgets, minmay_shop_star
Snake:2:  layout_misc_corridors, nicolae_triple_integral, uniq_azrael
Snake:3:  layout_cave_town, serial_bayou_lagoon_a, st_stairs_11,
          nicolae_snake_scaly_snakehead
Snake:4:  minmay_snake_end_coiled, layout_cave_shapes, serial_shops,
          nicolae_shop_behind_doors, uniq_mara
Slime:1:  layout_caves, basic_altar
Slime:2:  layout_caves, cheibrodos_slime_lost_civilization_6
Slime:3:  layout_caves
Slime:4:  layout_caves
Slime:5
Orc:1:    layout_diamond_mine, hellmonk_bongcloud_opening
Orc:2:    st_orc_mages, layout_caves, serial_shops,
          nicolae_shop_overgrown_old_shop
Elf:1:    layout_rooms, evilmike_minifort
Elf:2:    nicolae_elf_blades_crystal_corner, layout_loops_cross, serial_shops,
          nicolae_stop_n_shop_2, enter_trove_6, uniq_asterion
Elf:3:    grunt_elf_hall_asides, layout_geoelf_castle, serial_shops, shop
Vaults:1: nicolae_vaults_puzzle_piece, vaults_room_fours, ontoclasm_vaults_chip,
          v_alt_pattern_6, vaults_standard_mumra_lines, vaults_room_door_ring,
          nicolae_vaults_mini_display_case, hangedman_vaults_stretched_pinwheel,
          ontoclasm_vaults_idyll, v_misc_19, vaults_room_hallway,
          nicolae_vaults_circle_grid_a, layout_vaults_maze, serial_shops,
          bzr_entry_water
Vaults:2: ebering_ghost_inner_flame, ontoclasm_vaults_hangar,
          hangedman_vaults_maws, v_misc_25, v_misc_9, nicolae_vaults_alarming,
          v_misc_24, hangedman_vaults_restitches, ontoclasm_vaults_spin,
          v_misc_8, minmay_crypt_entry_simple_box, nicolae_vaults_shelves_hall,
          layout_vaults_quadrants, uniq_margery
Vaults:3: minmay_guarded_unrand_secular_launcher,
          nicolae_vaults_network_barrier, nicolae_vaults_network_periphery,
          nicolae_vaults_yaktaur_gun_rack, vaults_dpeg_encased_lava, v_misc_29,
          vaults_mumra_minichess_inversion, vaults_mumra_hex,
          nicolae_vaults_ring_of_whatevers, grunt_vaults_hallway_long,
          ontoclasm_vaults_pinch, serial_ice_g, layout_vaults_omnicross,
          uniq_jory
Vaults:4: not_door_vault_mu, st_greater_box_5, v_misc_27,
          nicolae_vaults_specimen_jars, grunt_vaults_hallway_short, v_misc_4,
          ontoclasm_vaults_idyll, nicolae_vaults_three_branches,
          vaults_dpeg_spiral, nicolae_vaults_border_crossing,
          nicolae_vaults_rhombus_6, hangedman_vaults_nails, vaults_room_corners,
          v_misc_17, layout_vaults_omnibox, uniq_donald
Depths:1: layout_basic, kennysheep_small_spiral,
          nicolae_hell_entry_hellmouth_sunbeams, abyss_entry_crystal,
          nicolae_yredelemnul_corpse_copse
Depths:2: lemuel_vampire_tower, layout_cave_pools, enter_ziggurat_c,
          rand_demon_pan_entry_1, kennysheep_path_1, grunt_hell_entry_dis_grunt,
          infiniplex_staircase_river, uniq_josephina
Depths:3: minmay_the_grid_triangle_9x9_recursive_3_mashed
          [minmay_the_grid_triangle_9x9_subtriangle,
          minmay_the_grid_triangle_9x9_intruding_spiral,
          minmay_the_grid_triangle_9x9_skeleton,
          minmay_the_grid_triangle_9x9_prize_top_heavy,
          minmay_the_grid_triangle_9x9_sparse_checkered,
          minmay_the_grid_triangle_9x9_warning,
          minmay_the_grid_triangle_9x9_from_above,
          minmay_the_grid_triangle_9x9_alien,
          minmay_the_grid_triangle_9x9_shrine], layout_honeycomb,
          roderic_roman_lattice, hell_entry, hangedman_abyss_entry_splay,
          st_stairs_4, minmay_misc_feat_enclosed, kennysheep_generic_room_14,
          minmay_staircase_statues_hall_small
Depths:4: grunt_zot_entry_alcove, layout_cave_pools, hangedman_decor_growths,
          grunt_pan_entry_in_and_out, pf_hell_entry_great_geh,
          cheibrodos_ashenzari_chains
Zot:1:    gammafunk_the_bubble [the_bubble_gammafunk_grid],
          layout_misc_corridors
Zot:2:    layout_cathedral_of_symmetry, uniq_parghit
Zot:3:    lemuel_draconian_sentries, layout_basic

Skill      XL: |  1  2  3  4  5  6  7  8  9 10 11 12 13 14 15 16 17 18 19 20 21 22 23 24 |
---------------+-------------------------------------------------------------------------+-----
Conjurations   | 5 7 8 9 10 11 13 14 16 17 18 19 21 22 | 22.6
Spellcasting   | 3 5 7 9 10 11 12 14 15 17 | 17.0
Fire Magic     | 2 7 10 11 12 13 15 16 17 18 19 20 21 22 | 22.6
Translocations | 3 4 7 9 10 11 13 15 | 15.0
Evocations     | 2 3 5 8 12 13 | 13.0
Shields        | 8 10 11 13 14 15 | 15.0
Fighting       | 4 9 |  9.0
Stealth        | 5 12 | 12.5
Dodging        | 5 9 |  9.0
Staves         | 8 12 | 12.0

Action                   |  1- 3 |  4- 6 |  7- 9 | 10-12 | 13-15 | 16-18 | 19-21 | 22-24 || total
-------------------------+-------+-------+-------+-------+-------+-------+-------+-------++-------
Melee: Short sword       |     2 |    25 |       |       |       |       |       |       ||    27
       Battleaxe         |       |    25 |    76 |    30 |    38 |       |       |       ||   169
       Tailslap          |       |     6 |     9 |     1 |     6 |     2 |     4 |     2 ||    30
       Staff             |       |       |       |       |     4 |    12 |    26 |    20 ||    62
       Bite              |       |       |       |       |       |     2 |     2 |     3 ||     7
 Cast: Magic Dart        |    52 |    38 |    44 |       |       |       |       |       ||   134
       Searing Ray       |     3 |    26 |    35 |     2 |     1 |       |       |       ||    67
       Foxfire           |       |       |   271 |   121 |   172 |    30 |    14 |     1 ||   609
       Scorch            |       |       |     7 |    53 |    49 |    18 |    62 |    40 ||   229
       Fireball          |       |       |     6 |   120 |   330 |   395 |   237 |   378 ||  1466
       Iskenderun's Myst |       |       |     1 |    18 |    44 |    18 |    31 |     1 ||   113
       Gell's Gravitas   |       |       |       |     3 |     1 |     5 |     1 |     5 ||    15
       Starburst         |       |       |       |    34 |    73 |    75 |    99 |    90 ||   371
       Orb of Destructio |       |       |       |       |     8 |   109 |   168 |    69 ||   354
       Teleport Other    |       |       |       |       |       |     1 |       |       ||     1
       Ignition          |       |       |       |       |       |     7 |   147 |   121 ||   275
       Dispersal         |       |       |       |       |       |       |       |     1 ||     1
 Abil: Breathe Acid      |       |       |     7 |     8 |    14 |    13 |    18 |     6 ||    66
Evoke: Wand              |       |       |     1 |     2 |     2 |     3 |    11 |    10 ||    29
       Tin of tremorston |       |       |       |     3 |     1 |     6 |    10 |     7 ||    27
       Lightning rod     |       |       |       |       |     4 |     8 |    28 |    16 ||    56
       Box of beasts     |       |       |       |       |     1 |     4 |     1 |     1 ||     7
       Condenser vane    |       |       |       |       |       |     4 |     4 |     3 ||    11
       Phial of floods   |       |       |       |       |       |     1 |     1 |     2 ||     4
       Phantom mirror    |       |       |       |       |       |     1 |     2 |       ||     3
  Use: Scroll            |       |     1 |     6 |    16 |    16 |    11 |    12 |    13 ||    75
       Potion            |       |     1 |       |     1 |    15 |     1 |     6 |     9 ||    33
 Stab: Petrified         |       |       |       |       |     2 |       |       |       ||     2
       Sleeping          |       |       |       |       |       |       |     1 |       ||     1
Armor: Skin              |     3 |    21 |    35 |    18 |    50 |    60 |    85 |    56 ||   328
Dodge: Dodged            |     4 |    62 |   147 |    73 |   133 |    51 |    65 |    63 ||   598
Block: Kite shield       |       |       |       |       |    10 |    69 |   115 |    97 ||   291

Table legend: (Time is in decaauts)
 A = Elapsed time spent in this place.
 B = Non-inter-level travel time spent in this place.
 C = Inter-level travel time spent in this place.
 D = Time resting spent in this place.
 E = Time spent auto-exploring this place.
 F = Levels seen in this place.
 G = Mean time per level.
                   A        B        C        D        E       F      G
               +--------+--------+--------+--------+--------+-----+--------+
         Total |  82291 |  76745 |   5546 |  34730 |  30842 |  54 | 1523.9 |
       Dungeon |  24051 |  21693 |   2358 |   6904 |  12549 |  15 | 1603.4 |
          Lair |  12566 |  11616 |    950 |   6134 |   3831 |   5 | 2513.2 |
         Swamp |   3215 |   3015 |    200 |    937 |   1507 |   4 |  803.8 |
     Snake Pit |   9679 |   8901 |    778 |   4845 |   2984 |   4 | 2419.8 |
    Slime Pits |   1273 |   1246 |     27 |    468 |    387 |   5 |  254.6 |
  Orcish Mines |   1858 |   1639 |    219 |    679 |    701 |   2 |  929.0 |
   Elven Halls |   4909 |   4602 |    307 |   1979 |   1827 |   3 | 1636.3 |
        Vaults |  10426 |  10144 |    282 |   4590 |   4026 |   4 | 2606.5 |
        Depths |  10617 |  10197 |    420 |   6042 |   2393 |   4 | 2654.2 |
           Zot |   1757 |   1757 |      0 |   1499 |      0 |   3 |  585.7 |
        Bazaar |    183 |    183 |      0 |      0 |     84 |   1 |  183.0 |
         Trove |     50 |     50 |      0 |      0 |      0 |   1 |   50.0 |
       Ossuary |   1011 |   1011 |      0 |    298 |    552 |   1 | 1011.0 |
      Ice Cave |    452 |    452 |      0 |    354 |      0 |   1 |  452.0 |
      Gauntlet |    234 |    234 |      0 |      0 |      0 |   1 |  234.0 |
               +--------+--------+--------+--------+--------+-----+--------+

Top non-repeatable levels by time:
 Snake:3: 3593 daAuts
 Snake:1: 3439 daAuts
Vaults:3: 3211 daAuts
Depths:3: 3185 daAuts
  Lair:2: 2934 daAuts
Vaults:4: 2918 daAuts
  Lair:4: 2909 daAuts
Vaults:2: 2834 daAuts
Depths:4: 2822 daAuts
    D:10: 2533 daAuts
  Lair:3: 2412 daAuts
Depths:2: 2379 daAuts
     D:2: 2376 daAuts
   Elf:3: 2289 daAuts
  Lair:5: 2247 daAuts
